 Dungeon Crawl Stone Soup version 0.31-a0-700-gf13585253f (webtiles) character file.

Game seed: 7484578482454177401

520 Newt the Sneak (level 7, -2/44 HPs)
             Began as a Kobold Hunter on Sept 7, 2023.
             Was an Initiate of Okawaru.
             Slain by a scorpion (3 damage)
             ... on level 4 of the Dungeon.
             The game lasted 00:03:29 (2912 turns).

Newt the Sneak (Kobold Hunter)                      Turns: 2912, Time: 00:03:30

Health: -2/44      AC:  5    Str: 11    XL:     7   Next: 45%
Magic:  7/7        EV: 15    Int: 10    God:    Okawaru [......]
Gold:   193        SH:  0    Dex: 25    Spells: 6/6 levels left

rFire   x . .        n - +4 short sword of Weheihirgh {heavy, +Blink rF- Str+3 Dex+4}
rCold   . . .        (no shield)
rNeg    . . .        c - +1 leather armour
rPois   .            h - +0 helmet
rElec   .            e - scarf {shadows}
rCorr   .            (no gloves)
SInv    +            (no boots)
Will    .....        (no amulet)
Stlth   +++++        d - ring of see invisible
HPRegen 0.27/turn    (no ring)
MPRegen 0.10/turn

%: no passive effects
@: lethally poisoned (-2 -> -12)
A: small, no large weapons, nightstalker 3
a: Renounce Religion, Evoke Blink


You were on level 4 of the Dungeon.
You worshipped Okawaru.
Okawaru was noncommittal.
You visited 1 branch of the dungeon, and saw 4 of its levels.

You collected 193 gold pieces.

Inventory:

Hand Weapons
 a - a +0 heavy shortbow
 g - a +2 dagger of venom
 n - the +4 short sword of Weheihirgh (weapon) {heavy, +Blink rF- Str+3 Dex+4}
   (You found it on level 2 of the Dungeon)

   Str+3:     It affects your strength (+3).
   Dex+4:     It affects your dexterity (+4).
   rF-:       It makes you vulnerable to fire.
   +Blink:    It lets you blink.
Missiles
 i - 2 throwing nets
 p - 2 poisoned darts
Armour
 c - a +1 leather armour (worn)
 e - a scarf of shadows (worn)
 h - a +0 helmet (worn)
 m - an orb of wrath
Jewellery
 d - a ring of see invisible (left hand)
Wands
 k - a wand of polymorph (8)
Scrolls
 b - a scroll of butterflies
 j - 2 scrolls of teleportation
Potions
 f - 2 potions of attraction
 o - a potion of haste


   Skills:
 - Level 5.0 Fighting
 - Level 4.0 Short Blades
 - Level 5.3 Ranged Weapons
 - Level 2.4 Dodging
 + Level 7.5 Stealth


You had 6 spell levels left.
You didn't know any spells.
Your spell library contained the following spells:

 Spells                   Type           Power      Damage    Failure   Level
 Volatile Blastmotes      Fire/Tloc      0%         2d10      83%         3
 Fulminant Prism          Conj/Hex       0%         3d5       99%         4
 Iskenderun's Mystic Bla  Conj/Tloc      0%         2d3       99%         4


Dungeon Overview and Level Annotations

Branches:
Dungeon (4/15)
 Temple: D:4-7

Altars:
Gozag
Makhleb
Okawaru
Trog
Uskayaw
The Shining One

Annotations:
D:4 Edmund


Innate Abilities, Weirdness & Mutations

You are small and have problems with some larger weapons.
You are completely attuned to the shadows.


Message History

Edmund closely misses you.
You barely miss Edmund.
Edmund hits you with a +3 flail of protection!
You hit Edmund.
Edmund is lightly wounded.
Edmund closely misses you. x2
You closely miss Edmund.
Edmund is lightly wounded.
The scorpion stings you but does no damage.
Edmund hits you with a +3 flail of protection!
You completely miss Edmund.
Edmund is lightly wounded.
The scorpion closely misses you. Edmund closely misses you.
There are monsters nearby!
There are monsters nearby!
You puncture Edmund!
Edmund is moderately wounded.
The scorpion closely misses you.
Edmund hits you with a +3 flail of protection!
The scorpion misses you.
Unknown command.
You puncture Edmund!
Edmund is severely wounded.
Edmund hits you with a +3 flail of protection.
The scorpion stings you.
You hit Edmund.
Edmund is severely wounded.
The scorpion closely misses you.
Edmund hits you with a +3 flail of protection!
* * * LOW HITPOINT WARNING * * *
The scorpion stings you.
* * * LOW HITPOINT WARNING * * *
You are lethally poisoned!
The scorpion poisons you! Edmund barely misses you.
Unknown command.
It was a potion of magic.
Magic courses through your body.
* * * LOW HITPOINT WARNING * * *
You feel very sick. The scorpion stings you.
You die...

######.
......##
...<....
......#
........##
...(.....+
..@.....##
#..@s....##
....).....#
.#........#
..########
#.


You could see Edmund and a scorpion.

Vanquished Creatures
  Grinder (D:3)
  A scorpion (D:3)
  Ijyb (D:3)
  Natasha (thrice) (D:2)
  Robin (D:3)
  4 adders
  6 gnolls
  A worm (D:3)
  3 dart slugs
  An orc (D:3)
  9 endoplasms
  3 giant cockroaches
  6 hobgoblins
  6 ball pythons
  9 bats
  3 frilled lizards
  5 goblins
  2 kobolds
  7 rats
72 creatures vanquished.

Notes
Turn   | Place    | Note
-------+----------+-------------------------------------------
     0 | D:1      | Newt the Kobold Hunter began the quest for the Orb.
     0 | D:1      | Reached XP level 1. HP: 12/12 MP: 1/1
   231 | D:1      | Reached XP level 2. HP: 18/18 MP: 2/2
   835 | D:2      | Reached XP level 3. HP: 23/23 MP: 3/3
   974 | D:2      | Identified the +4 short sword of Weheihirgh {heavy, +Blink
                  | rF- Str+3 Dex+4}
  1056 | D:2      | Reached XP level 4. HP: 30/30 MP: 4/4
  1365 | D:2      | Noticed Natasha
  1369 | D:2      | Killed Natasha
  1469 | D:3      | Reached skill level 5 in Fighting
  1514 | D:3      | Found a hide-covered altar of Uskayaw.
  1579 | D:2      | Noticed Natasha
  1584 | D:2      | Killed Natasha
  1585 | D:2      | Reached XP level 5. HP: 15/35 MP: 5/5
  1866 | D:2      | Noticed Natasha
  1867 | D:2      | Killed Natasha
  1949 | D:3      | Noticed Grinder
  1950 | D:3      | Paralysed by Grinder for 2 turns
  1964 | D:3      | Killed Grinder
  1965 | D:3      | Reached skill level 5 in Stealth
  1965 | D:3      | Reached XP level 6. HP: 20/40 MP: 6/6
  1966 | D:3      | Reached skill level 6 in Stealth
  1966 | D:3      | Reached XP level 7. HP: 23/44 MP: 7/7
  2170 | D:3      | Noticed Ijyb
  2176 | D:3      | HP: 3/66 [poisoned by Ijyb]
  2176 | D:3      | HP: 1/66 [Ijyb/+2 dagger of venom (2)]
  2179 | D:3      | Killed Ijyb
  2257 | D:3      | Noticed Robin
  2302 | D:3      | Reached skill level 7 in Stealth
  2309 | D:3      | Killed Robin
  2708 | D:3      | Found an opulent altar of Gozag.
  2714 | D:3      | Found a burning altar of Makhleb.
  2715 | D:3      | Found an iron altar of Okawaru.
  2715 | D:3      | Found a bloodstained altar of Trog.
  2730 | D:3      | Found a glowing golden altar of the Shining One.
  2780 | D:3      | Became a worshipper of Warmaster Okawaru
  2903 | D:4      | Noticed Edmund
  2912 | D:4      | HP: 1/44 [poisoned by a scorpion]
  2912 | D:4      | Slain by a scorpion

Illustrated notes

Levels and vault maps discovered:
D:1:      matt_arrival_refuge, layout_loops_ring, nrook_loot_triangle
D:2:      layout_rooms, uniq_natasha
D:3:      layout_rooms, chequers_temple_overflow_minitemple,
          nicolae_uskayaw_murder_on_the_dancefloor, nicolae_goblin_pals,
          uniq_grinder
D:4:      layout_basic, lemuel_crystal_altar, grunt_ministairs_13,
          nicolae_grassy_gnolls, uniq_edmund, uniq_duvessa

Skill      XL: |  1  2  3  4  5  6  7 |
---------------+----------------------+-----
Fighting       | 3 4 5 |  5.0
Short Blades   | 2 4 |  4.0
Stealth        | 5 6 7 |  7.5
Ranged Weapons | |  5.3
Dodging        | |  2.4

Action                     |  1- 3 |  4- 6 |  7- 9 || total
---------------------------+-------+-------+-------++-------
  Melee: Short sword       |       |    26 |    73 ||    99
         Punch             |       |       |     1 ||     1
   Fire: Shortbow          |    66 |    12 |       ||    78
    Use: Scroll            |     2 |     4 |     2 ||     8
         Potion            |       |       |     5 ||     5
   Stab: Sleeping          |       |     2 |     6 ||     8
         Distracted        |       |       |     3 ||     3
 Armour: Leather armour    |    12 |    23 |    42 ||    77
         Skin              |       |       |     8 ||     8
  Dodge: Dodged            |    18 |    34 |    52 ||   104

Table legend: (Time is in decaauts)
 A = Elapsed time spent in this place.
 B = Non-inter-level travel time spent in this place.
 C = Inter-level travel time spent in this place.
 D = Time resting spent in this place.
 E = Time spent auto-exploring this place.
 F = Levels seen in this place.
 G = Mean time per level.
                   A        B        C        D        E       F      G
               +--------+--------+--------+--------+--------+-----+--------+
         Total |   2931 |   2862 |     69 |    513 |   1884 |   4 |  732.8 |
       Dungeon |   2931 |   2862 |     69 |    513 |   1884 |   4 |  732.8 |
               +--------+--------+--------+--------+--------+-----+--------+

Top non-repeatable levels by time:
     D:3: 1125 daAuts
     D:2: 998 daAuts
     D:1: 782 daAuts
     D:4: 25 daAuts
